 Dungeon Crawl Stone Soup version 0.27-a0-1555-g0e7b3fb1d2 (webtiles) character file.

Game seed: 14800108670462001075

4 Lemonice the Skirmisher (level 1, 0/18 HPs)
             Began as a Formicid Abyssal Knight on July 15, 2021.
             Was an Initiate of Lugonu.
             Slain by a ball python (1 damage)
             ... on level 1 of the Dungeon.
             The game lasted 00:00:58 (326 turns).

Lemonice the Skirmisher (Formicid Abyssal Knight)    Turns: 326, Time: 00:00:59

Health: 0/18       AC:  3    Str: 16    XL:     1   Next: 66%
Magic:  2/2        EV:  8    Int: 11    God:    Lugonu [......]
Gold:   22         SH:  0    Dex: 10    Spells: 0/0 levels left

rFire    . . .     SeeInvis +   a - +1 hand axe
rCold    . . .     Faith    .   (no shield)
rNeg     . . .     Spirit   .   b - +0 leather armour
rPois    .         Reflect  .   (helmet unavailable)
rElec    .         Harm     .   (no cloak)
rCorr    .         Rampage  .   (no gloves)
Will     .....                  (no boots)
Stlth    +.........             (no amulet)
HPRegen  0.06/turn              (no ring)
MPRegen  0.08/turn              (no ring)

@: constricted
A: permanent stasis, dig shafts and tunnels, antennae 3, four strong arms
a: Dig, Shaft Self, Renounce Religion


You were on level 1 of the Dungeon.
You worshipped Lugonu.
Lugonu was noncommittal.
You visited 1 branch of the dungeon, and saw 1 of its levels.
You visited the Abyss 1 time.

You collected 22 gold pieces.

Inventory:

Hand Weapons
 a - a +1 hand axe (weapon)
Armour
 b - a +0 leather armour (worn)


   Skills:
 + Level 3.4 Fighting
 + Level 2.0 Axes
 + Level 2.1 Armour
 + Level 0.8 Dodging
 + Level 2.3 Invocations


You couldn't memorise any spells.
You didn't know any spells.
Your spell library was empty.

Dungeon Overview and Level Annotations

Branches:
Dungeon (1/15)

Altars:


Innate Abilities, Weirdness & Mutations

You cannot be hasted, slowed, berserked, paralysed or teleported.
You can dig through walls and to a lower floor.
You have a pair of large antennae on your head. (SInv)
Your four strong arms can wield two-handed weapons with a shield.


Message History

You slash the goblin!
You kill the goblin!
Lugonu accepts your kill. The frilled lizard barely misses you.
You closely miss the frilled lizard. The frilled lizard barely misses you.
You barely miss the frilled lizard.
The frilled lizard bites you but does no damage.
A giant cockroach comes into view.
You hit the frilled lizard.
You kill the frilled lizard!
Lugonu accepts your kill.
You see here a +0 club.
The giant cockroach bites you.
You closely miss the giant cockroach. The giant cockroach closely misses you.
You barely miss the giant cockroach. The giant cockroach barely misses you.
The giant cockroach bites you.
* * * LOW HITPOINT WARNING * * *
You hit the giant cockroach but do no damage.
The giant cockroach bites you.
* * * LOW HITPOINT WARNING * * *
You closely miss the giant cockroach. The giant cockroach bites you.
* * * LOW HITPOINT WARNING * * *
A ball python comes into view.
The giant cockroach closely misses you.
You closely miss the giant cockroach.
The ball python hisses angrily.
The giant cockroach closely misses you.
You closely miss the giant cockroach. The giant cockroach barely misses you.
You barely miss the giant cockroach.
The giant cockroach bites you but does no damage. x2
You hit the giant cockroach.
The giant cockroach is almost dead.
The giant cockroach completely misses you.
You hit the ball python.
The ball python is severely wounded.
You barely miss the giant cockroach. The giant cockroach closely misses you.
The ball python bites you.
* * * LOW HITPOINT WARNING * * *
The ball python grabs you.
You die...

#...........#.#
#############.#
..............#
######.######## #.#
#.# #
#.################..#
#.......)).........#
##########[@.......#
#.BS.......#
#.........#...
#.........# g#
#..........# #
#...........#
#########..##


You could see a giant cockroach and a ball python.

Vanquished Creatures
  A goblin (D:1)
  A hobgoblin (D:1)
  A frilled lizard (D:1)
  A kobold (D:1)
4 creatures vanquished.

Notes
Turn   | Place    | Note
-------+----------+-------------------------------------------
     0 | Abyss:1  | Lemonice the Formicid Abyssal Knight began the quest for
                  | the Orb.
     0 | Abyss:1  | Reached XP level 1. HP: 18/18 MP: 2/2
   203 | Abyss:1  | Noticed a smoke demon
   208 | D:1      | Escaped the Abyss
   326 | D:1      | Slain by a ball python

Illustrated notes

Levels and vault maps discovered:
D:1:      matt_arrival_refuge, layout_basic, minmay_ruptured

Action                   || total
-------------------------++-------
Melee: Hand axe          ||    22
Invok: Depart the Abyss  ||     1
Armor: Leather armour    ||     6
Dodge: Dodged            ||    12

Table legend: (Time is in decaauts)
 A = Elapsed time spent in this place.
 B = Non-inter-level travel time spent in this place.
 C = Inter-level travel time spent in this place.
 D = Time resting spent in this place.
 E = Time spent auto-exploring this place.
 F = Levels seen in this place.
 G = Mean time per level.
                   A        B        C        D        E       F      G
               +--------+--------+--------+--------+--------+-----+--------+
         Total |    330 |    330 |      0 |      0 |    265 |   2 |  165.0 |
       Dungeon |    122 |    122 |      0 |      0 |     78 |   1 |  122.0 |
         Abyss |    208 |    208 |      0 |      0 |    187 |   1 |  208.0 |
               +--------+--------+--------+--------+--------+-----+--------+

Top non-repeatable levels by time:
 Abyss:1: 208 daAuts
     D:1: 122 daAuts
